 Dungeon Sprint DCSS version 0.27-a0-860-gaf99fae3ca (webtiles) character file.

Game seed: 12915802855314007549

251 rocky1 the Geomancer (level 5, -6/38 HPs)
             Began as a Draconian Earth Elementalist on Apr 2, 2021.
             Was an Elder of Sif Muna.
             Mangled by an orc warrior
             ... wielding a +0 short sword
              (8 damage)
             ... in the Dungeon (Sprint VII: "The Pits").
             The game lasted 00:05:19 (1014 turns).

rocky1 the Geomancer (Draconian Earth Elementalist) Turns: 1014, Time: 00:05:20

Health: -6/38      AC: 12    Str: 10    XL:     5   Next: 88%
Magic:  6/8        EV: 12    Int: 17    God:    Sif Muna [****..]
Gold:   0          SH:  0    Dex: 11    Spells: 4/8 levels left

rFire    . . .     SeeInvis .   l - +0 quarterstaff (protect)
rCold    . . .     Faith    .   (shield currently unavailable)
rNeg     . . .     Spirit   .   (armour unavailable)
rPois    .         Reflect  .   (helmet restricted)
rElec    .         Harm     .   (no cloak)
rCorr    .         Rampage  .   (no gloves)
Will     .....     NoTele   +   (no boots)
Stlth    ++........             (no amulet)
HPRegen  0.12/turn              (no ring)
MPRegen  0.11/turn              (no ring)

@: protection aura, berserk cooldown, slowed, very slow
A: AC +5, unfitting armour, cold-blooded
a: Renounce Religion, Channel Magic, Forget Spell, Divine Exegesis


You were in the Dungeon.
You worshipped Sif Muna.
Sif Muna was greatly pleased with you.
You visited 1 branch

Inventory:

Hand Weapons
 a - a +2 quarterstaff
 l - a +0 quarterstaff of protection (weapon)
Missiles
 b - 17 stones
Scrolls
 h - a scroll of blinking
 j - 5 scrolls of amnesia
 k - a scroll of summoning
Potions
 c - 6 potions of curing
 d - 4 potions of heal wounds
 e - a potion of haste
 f - 4 potions of magic
 g - 2 potions of berserk rage
 i - 2 potions of invisibility


   Skills:
 + Level 1.7 Dodging
 - Level 1.7 Stealth
 + Level 2.1 Spellcasting
 + Level 0.0 Conjurations
 + Level 1.0 Transmutations
 + Level 12.2 Earth Magic
 + Level 0.0 Invocations


You had 4 spell levels left.
You knew the following spells:

 Your Spells              Type           Power      Damage    Failure   Level
a - Sandblast             Erth           86%        2d18      1%          1
b - Stone Arrow           Conj/Erth      44%        3d9       4%          3

Your spell library contained the following spells:

 Spells                   Type           Power      Damage    Failure   Level
 Passwall                 Tmut/Erth      20%        N/A       1%          2
 Petrify                  Tmut/Erth      24%        N/A       12%         4
 Lee's Rapid Deconstruct  Erth           21%        3d13*     3%          5


Dungeon Overview and Level Annotations

Branches:
Dungeon (1/1)

Altars:
Ashenzari
Cheibriados
Dithmenos
Elyvilon
Fedhas
Gozag
Hepliaklqana
Kikubaaqudgha
Makhleb
Nemelex Xobeh
Okawaru
Qazlal
Ru
Sif Muna
Trog
Uskayaw
Vehumet
Wu Jian
Xom
Yredelemnul
Zin
The Shining One
Beogh
Jiyva
Lugonu


Innate Abilities, Weirdness & Mutations

Your plain brown scales are hard. (AC +5)
You cannot fit into any form of body armour.
You are cold-blooded and may be slowed by cold attacks.


Message History

You barely miss the orc warrior.
The orc warrior is heavily wounded.
The orc warrior hits you with a +0 short sword.
You hit the orc warrior but do no damage.
The orc warrior is heavily wounded.
The orc warrior hits you with a +0 short sword!
You barely miss the orc warrior.
The orc warrior is heavily wounded.
The orc warrior hits you but does no damage.
You closely miss the orc warrior. You tail-slap the orc warrior.
The orc warrior is heavily wounded.
The orc warrior hits you with a +0 short sword.
You barely miss the orc warrior.
The orc warrior is heavily wounded.
You hit the orc warrior.
The orc warrior is severely wounded.
The orc warrior hits you with a +0 short sword!
* * * LOW HITPOINT WARNING * * *
You hit the orc warrior.
The orc warrior is severely wounded.
The orc warrior closely misses you.
You hit the orc warrior.
The orc warrior is severely wounded.
The orc warrior hits you with a +0 short sword.
* * * LOW HITPOINT WARNING * * *
You closely miss the orc warrior.
The orc warrior is severely wounded.
The orc warrior hits you with a +0 short sword!
* * * LOW HITPOINT WARNING * * *
You barely miss the orc warrior.
The orc warrior is severely wounded.
You are no longer berserk.
You are exhausted.
You feel yourself slow down. The orc warrior misses you.
You hit the orc warrior but do no damage.
You tail-slap the orc warrior, but do no damage.
The orc warrior is severely wounded.
The orc warrior hits you but does no damage.
The orc warrior hits you with a +0 short sword!
You die...

#.#........##.......#
#'###########.......#
#..#.#.## #########
#.......# ##.#.#.##
#.......# ##.#.#.##
#.......#+#
##.#.#.@o.#
##########


You could see an orc warrior.

Vanquished Creatures
  A centaur (D)
  A wolf (D)
  2 quasits (D)
  A worm (D)
  2 orcs (D)
  A giant cockroach (D)
  A hobgoblin (D)
  3 jackals (D)
  3 bats (D)
  A frilled lizard (D)
  A rat (D)
17 creatures vanquished.

Notes
Turn   | Place    | Note
-------+----------+-------------------------------------------
     0 | D        | rocky1 the Draconian Earth Elementalist began the quest for
                  | the Orb.
     0 | D        | Reached XP level 1. HP: 14/14 MP: 3/3
    21 | D        | Found a bloodstained altar of Trog.
    21 | D        | Found a shimmering blue altar of Sif Muna.
    21 | D        | Found a viscous altar of Jiyva.
    21 | D        | Found a hazy altar of Hepliaklqana.
    21 | D        | Found an opulent altar of Gozag.
    49 | D        | Found a glowing golden altar of the Shining One.
    49 | D        | Found a glowing silver altar of Zin.
    49 | D        | Found a basalt altar of Yredelemnul.
    49 | D        | Found a shimmering altar of Xom.
    49 | D        | Found an ornate altar of the Wu Jian Council.
    49 | D        | Found a sacrificial altar of Ru.
    49 | D        | Found a stormy altar of Qazlal.
    49 | D        | Found an iron altar of Okawaru.
    49 | D        | Found a sparkling altar of Nemelex Xobeh.
    49 | D        | Found a burning altar of Makhleb.
    49 | D        | Found a blossoming altar of Fedhas.
    49 | D        | Found a white marble altar of Elyvilon.
    49 | D        | Found a shadowy altar of Dithmenos.
    49 | D        | Found a snail-covered altar of Cheibriados.
    52 | D        | Found a corrupted altar of Lugonu.
    52 | D        | Found a radiant altar of Vehumet.
    53 | D        | Found an ancient bone altar of Kikubaaqudgha.
    53 | D        | Found a hide-covered altar of Uskayaw.
    53 | D        | Found a broken altar of Ashenzari.
    54 | D        | Became a worshipper of Sif Muna the Loreminder
    68 | D        | Reached skill level 4 in Earth Magic
    69 | D        | Reached * piety under Sif Muna
   280 | D        | Reached skill level 5 in Earth Magic
   280 | D        | Reached XP level 2. HP: 20/20 MP: 1/5
   280 | D        | Reached ** piety under Sif Muna
   352 | D        | Reached skill level 7 in Earth Magic
   352 | D        | Reached XP level 3. HP: 12/26 MP: 0/6
   535 | D        | Learned a level 3 spell: Stone Arrow
   556 | D        | Noticed a centaur
   557 | D        | Noticed a wolf
   677 | D        | Killed a wolf
   677 | D        | Reached *** piety under Sif Muna
   677 | D        | HP: 1/26 [centaur/arrow (5)]
   678 | D        | Reached skill level 10 in Earth Magic
   678 | D        | Reached XP level 4. HP: 2/33 MP: 1/7
   680 | D        | Killed a centaur
   681 | D        | Reached skill level 11 in Earth Magic
   681 | D        | Reached XP level 5. HP: 31/38 MP: 0/8
   687 | D        | Reached skill level 12 in Earth Magic
   812 | D        | Reached **** piety under Sif Muna
   996 | D        | Noticed an orc warrior
  1012 | D        | HP: 2/57 [orc warrior/+0 short sword (10)]
  1014 | D        | Mangled by an orc warrior

Illustrated notes

Levels and vault maps discovered:
D:        pitsprint [storerooms_1, entrance_room_1, metal_vault_1, armoury_2,
          mini_pit_1, grid_room_1, main_hall_1, silver_pit, the_coven_3,
          the_vestibule_1, steel_vault_3, golden_pit, hallway_of_sentries,
          crystal_vault_4, iron_vault_4, final_vault]

Skill      XL: |  1  2  3  4  5 |
---------------+----------------+-----
Earth Magic    | 5 7 10 11 12 | 12.2
Dodging        | |  1.7
Stealth        | |  1.7
Spellcasting   | |  2.1
Transmutations | |  1.0

Action                   |  1- 3 |  4- 6 || total
-------------------------+-------+-------++-------
Melee: Quarterstaff      |    15 |    30 ||    45
       Unarmed           |     1 |       ||     1
       Tailslap          |       |     2 ||     2
 Cast: Sandblast         |    18 |     5 ||    23
  Use: Potion            |       |     3 ||     3
Armor: Skin              |    14 |    23 ||    37
Dodge: Dodged            |    31 |    21 ||    52

Table legend: (Time is in decaauts)
 A = Elapsed time spent in this place.
 B = Non-inter-level travel time spent in this place.
 C = Inter-level travel time spent in this place.
 D = Time resting spent in this place.
 E = Time spent auto-exploring this place.
 F = Levels seen in this place.
 G = Mean time per level.
                   A        B        C        D        E       F      G
               +--------+--------+--------+--------+--------+-----+--------+
         Total |   1019 |   1019 |      0 |    758 |      0 |   1 | 1019.0 |
       Dungeon |   1019 |   1019 |      0 |    758 |      0 |   1 | 1019.0 |
               +--------+--------+--------+--------+--------+-----+--------+

Top non-repeatable levels by time:
       D: 1019 daAuts
